 Dungeon Crawl Stone Soup version 0.26.0-90-g5fd8617961 (webtiles) character file.

Game seed: 17790051061040748734

5023 Mattiprrivan the Twirler (level 10, 0/88 HPs)
             Began as a Naga Berserker on Feb 2, 2021.
             Was an Elder of Trog.
             Slain by an orc warrior
             ... wielding a +1 dire flail of protection
              (16 damage)
             ... on level 8 of the Dungeon.
             The game lasted 01:12:55 (8540 turns).

Mattiprrivan the Twirler (Naga Berserker)           Turns: 8540, Time: 01:12:56

Health: 0/88       AC: 11    Str: 21    XL:     10   Next: 55%
Magic:  10/10      EV: 11    Int: 13    God:    Trog [****..]
Gold:   467        SH:  0    Dex: 13    Spells: 9/9 levels left

rFire    . . .     SeeInvis +   x - +13 scythe of Curses {drain, *Curse} (curse)
rCold    . . .     Faith    .   (shield currently unavailable)
rNeg     . . .     Spirit   .   f - +0 steam dragon scales
rPois    +         Reflect  .   h - +0 helmet
rElec    .         Harm     .   i - +1 cloak {rCorr}
rCorr    +         Rampage  .   c - +0 pair of gloves
Will     +....                  (no barding)
Stlth    +++.......             (no amulet)
HPRegen  0.24/turn              n - +6 ring of intelligence
MPRegen  0.12/turn              (no ring)

@: very slow
A: large, see invisible, deformed body, poison resistance, slowness 2, spit
poison 1, AC +3
a: Spit Poison, Renounce Religion, Berserk, Trog's Hand, Brothers in Arms


You were on level 8 of the Dungeon.
You worshipped Trog.
Trog was greatly pleased with you.
You visited 1 branch of the dungeon, and saw 8 of its levels.

You collected 467 gold pieces.

Inventory:

Hand Weapons
 g - a +4 quarterstaff of chaos
 j - a +1 war axe
 x - the cursed +13 scythe of Curses (weapon) {drain, *Curse}
   (You found it on level 7 of the Dungeon)

   A truly terrible weapon, it drains the life of those it strikes.
   It curses itself when equipped.
   It has a curse placed upon it.
Missiles
 d - 3 silver boomerangs
 e - 30 poisoned darts (quivered)
 m - 15 boomerangs
 u - 3 javelins
Armour
 c - a +0 pair of gloves (worn)
 f - +0 steam dragon scales (worn)
 h - a +0 helmet (worn)
 i - a +1 cloak of preservation (worn)
Jewellery
 n - a +6 ring of intelligence (left hand)
Wands
 p - a wand of random effects (30)
 q - a wand of polymorph (4)
 t - a wand of digging (5)
Scrolls
 r - 2 scrolls of blinking
 s - a scroll of fog
 v - 4 scrolls of teleportation
 w - 4 scrolls of identify
Potions
 b - a potion of cancellation
 l - 3 potions of haste


   Skills:
 * Level 5.5 Fighting
 * Level 5.7(7.0) Axes
 * Level 3.8(7.3) Maces & Flails
 * Level 4.4(7.6) Polearms
 * Level 7.6(8.6) Staves
 * Level 3.8 Throwing
 * Level 3.7 Armour
 * Level 3.7 Dodging
 * Level 6.7 Stealth
 * Level 3.6 Evocations


You had 9 spell levels left.
You didn't know any spells.
Your spell library was empty.

Dungeon Overview and Level Annotations

Branches:
Dungeon (8/15)             Temple (0/1) D:6
   Lair: D:8-11

Altars:
Ashenzari
Kikubaaqudgha
Nemelex Xobeh

Shops:
D:6 :


Innate Abilities, Weirdness & Mutations

You cannot wear boots.
Your serpentine skin is tough. (AC +3)
You have supernaturally acute eyesight. (SInv)
Armour fits poorly on your strangely shaped body.
Your system is resistant to poisons. (rPois)
You cover ground very slowly.
You can spit poison.


Message History

Press: ? - help, Dir - move target, f - orc warrior
Aim: an orc warrior, wielding a +1 dire flail of protection, wearing a +0 plate armour and quivering 6 stones (heavily wounded, very poisoned)
You hit the orc warrior.
The orc warrior is engulfed in negative energy!
The orc warrior is drained!
The orc warrior is severely wounded.
Your ogre closely misses the orc warrior.
The orc wizard hits you but does no damage.
The orc warrior hits you with a +1 dire flail of protection!
* * * LOW HITPOINT WARNING * * *
Your ogre barely misses the orc warrior.
The orc wizard hits you but does no damage.
Reach: x) +13 scythe of Curses {drain, *Curse} (curse)
Press: ? - help, Dir - move target, f/p - orc warrior
Aim: an orc warrior, wielding a +1 dire flail of protection, wearing a +0 plate armour and quivering 6 stones (severely wounded, very poisoned, lightly drained)
You closely miss the orc warrior.
The orc warrior is severely wounded.
Your ogre completely misses the orc warrior.
The orc warrior hits you with a +1 dire flail of protection!
You die...

.... #...... ....# ##.......
......##(......# ..
......#.(....... .#
........(........ #
>......................
.#............o)O.......
#.#...........#.o.....#
..#.............@.....#
..#..........#........# .#
.#...........##.(.....####.##
.†............#.(............
.)......# .#...)..........#
)†))†..###...#......##.....#
#....................#....#
..........................#
..###.....................#


You could see an orc warrior (very poisoned, drained), an orc wizard and a
friendly ogre (summoned, berserk).

Vanquished Creatures
  Harold (D:8)
  Pikel (D:4)
  Maggie (D:6)
  Grinder (D:3)
  Sigmund (D:6)
  Menkaure (D:4)
  Duvessa (D:6)
  A sky beast (D:5)
  An orc warrior (D:8)
  3 black bears
  An ice beast (D:7)
  A phantom (D:8)
  6 ogres
  A wyvern zombie (D:6)
  6 bullfrogs
  2 scorpions
  Dowan (D:6)
  4 howler monkeys
  4 wights (D:7)
  3 centaur zombies
  A jelly (D:7)
  2 centaur skeletons
  A hound (D:7)
  3 orc priests
  A bullfrog skeleton (D:8)
  A bullfrog zombie (D:6)
  Crazy Yiuf (D:2)
  An iguana (D:6)
  Ijyb (D:4)
  Natasha (D:3)
  An orc wizard (D:8)
  3 worker ants
  A hound zombie (D:5)
  2 hound skeletons (D:4)
  A worker ant zombie (D:5)
  Robin (D:2)
  A howler monkey skeleton (D:4)
  7 adders
  5 shadow imps
  4 white imps
  3 oozes
  An adder zombie (D:7)
  An adder skeleton (D:3)
  2 worms (D:2)
  3 dart slugs
  6 leopard geckos
  19 orcs
  5 bats
  5 giant cockroaches
  11 goblins
  14 hobgoblins
  8 jackals
  10 kobolds
  7 quokkas
  A ball python (D:4)
  3 frilled lizards
  A jackal skeleton (D:7)
  A leopard gecko zombie (D:6)
  A quokka skeleton (D:7)
  9 rats
191 creatures vanquished.

Vanquished Creatures (collateral kills)
  An orc priest (D:8)
  A worker ant (D:8)
  An adder zombie (D:8)
3 creatures vanquished.

Grand Total: 194 creatures vanquished

Notes
Turn   | Place    | Note
-------+----------+-------------------------------------------
     0 | D:1      | Mattiprrivan the Naga Berserker began the quest for the
                  | Orb.
     0 | D:1      | Reached XP level 1. HP: 21/21 MP: 1/1
   207 | D:1      | Reached XP level 2. HP: 14/28 MP: 2/2
   425 | D:1      | Reached skill level 1 in Stealth
   942 | D:2      | Reached XP level 3. HP: 33/34 MP: 3/3
  1206 | D:2      | Noticed Robin
  1213 | D:2      | Killed Robin
  1230 | D:2      | Reached ** piety under Trog
  1233 | D:2      | Reached XP level 4. HP: 28/40 MP: 4/4
  1848 | D:2      | Found a runed translucent door.
  1849 | D:2      | Noticed Crazy Yiuf
  1855 | D:2      | Killed Crazy Yiuf
  1856 | D:2      | Reached skill level 1 in Polearms
  1856 | D:2      | Reached XP level 5. HP: 17/49 MP: 5/5
  2259 | D:2      | Reached skill level 1 in Staves
  2521 | D:3      | Found a sparkling altar of Nemelex Xobeh.
  2580 | D:3      | Noticed Natasha
  2585 | D:3      | Killed Natasha
  2597 | D:3      | Reached *** piety under Trog
  2841 | D:3      | Noticed Grinder
  2843 | D:3      | Paralysed by Grinder for 6 turns
  2857 | D:3      | Paralysed by Grinder for 5 turns
  2874 | D:3      | Killed Grinder
  2875 | D:3      | Reached skill level 1 in Maces & Flails
  2875 | D:3      | Reached skill level 2 in Staves
  2875 | D:3      | Reached skill level 1 in Throwing
  2875 | D:3      | Reached skill level 1 in Evocations
  2875 | D:3      | Reached XP level 6. HP: 39/57 MP: 6/6
  3271 | D:4      | Reached XP level 7. HP: 48/63 MP: 7/7
  3399 | D:4      | Noticed Pikel
  3409 | D:4      | Killed Pikel
  3410 | D:4      | Reached skill level 4 in Staves
  3410 | D:4      | Reached XP level 8. HP: 70/72 MP: 8/8
  3455 | D:4      | Noticed Ijyb
  3462 | D:4      | Killed Ijyb
  3503 | D:4      | Noticed Menkaure
  3514 | D:4      | Killed Menkaure
  4631 | D:5      | Entered Level 5 of the Dungeon
  4673 | D:5      | Reached skill level 5 in Staves
  4819 | D:5      | Found a broken altar of Ashenzari.
  5540 | D:5      | Reached XP level 9. HP: 74/79 MP: 9/9
  5795 | D:6      | Noticed Dowan
  5797 | D:6      | Noticed Duvessa
  5799 | D:6      | Killed Dowan
  5803 | D:6      | Killed Duvessa
  5804 | D:6      | Reached skill level 5 in Stealth
  5811 | D:6      | Reached skill level 5 in Axes
  5867 | D:6      | Reached **** piety under Trog
  5870 | D:6      | Found an ancient bone altar of Kikubaaqudgha.
  5897 | D:6      | Noticed Maggie
  5917 | D:6      | Killed Maggie
  5918 | D:6      | Reached skill level 6 in Staves
  6059 | D:6      | Noticed Sigmund
  6062 | D:6      | Killed Sigmund
  6125 | D:6      | Found a staircase to the Ecumenical Temple.
  6157 | D:6      | Found Keseyd Pie's Book Shop.
  6804 | D:7      | Reached skill level 5 in Fighting
  6819 | D:7      | Reached skill level 7 in Staves
  6828 | D:7      | Reached XP level 10. HP: 64/88 MP: 10/10
  7222 | D:7      | You fall into a shaft and drop 1 floor!
  7564 | D:7      | Found the cursed +13 scythe of Curses {drain, *Curse}
  8093 | D:8      | Noticed Harold
  8107 | D:8      | Killed Harold
  8540 | D:8      | Slain by an orc warrior

Illustrated notes

Levels and vault maps discovered:
D:1:      lightli_arrival_noodles, layout_rooms
D:2:      layout_loops_ring, minmay_vboxes, uniq_robin, uniq_crazy_yiuf_cottage
D:3:      layout_loops_cross, minmay_misc_feat_nine_boxes,
          nemelex_spade_bored_becter, uniq_natasha, uniq_grinder
D:4:      layout_loops_cross, serial_co_window_serial, co_window_paths_b,
          co_window_corner_a, co_window_paths_b, co_window_paths_a,
          co_window_corner_a, co_window_unsneaky_path_e, co_window_paths_c,
          co_window_unsneaky_path_a, co_window_broadway_b, co_window_4corner_b,
          co_window_4corner_a, glass_columns_b, glass_columns_b,
          glass_columns_a, glass_columns_a, glass_columns_a, minmay_misc_feat_x,
          uniq_ijyb, uniq_menkaure, uniq_pikel
D:5:      layout_cave_pods, hangedman_abyss_or_decor_passed,
          chequers_serial_rivers_room_a, nicolae_ashenzari_panopticon
D:6:      minmay_chambers_of_threes, layout_gridville, kiku_gazebo_pond_becter,
          minmay_temple_entry_slanted, serial_shops, shop_coins,
          amcnicky_mini_corridor_feature, uniq_maggie, uniq_sigmund,
          uniq_duvessa
D:7:      layout_rooms
D:8:      layout_layer_cave, uniq_harold

Skill      XL: |  1  2  3  4  5  6  7  8  9 10 |
---------------+-------------------------------+-----
Stealth        | 1 3 4 6 |  6.7
Polearms       | 1 2 3 4 |  4.4
Staves         | 2 4 5 7 |  7.6
Dodging        | 2 3 |  3.7
Armour         | 2 3 |  3.7
Axes           | 4 5 |  5.7
Maces & Flails | 1 2 3 |  3.8
Throwing       | 1 2 3 |  3.8
Evocations     | 1 2 3 |  3.6
Fighting       | 4 5 |  5.5

Action                   |  1- 3 |  4- 6 |  7- 9 | 10-12 || total
-------------------------+-------+-------+-------+-------++-------
Melee: Hand axe          |    76 |    43 |       |       ||   119
       Quarterstaff      |       |    79 |   161 |    47 ||   287
       Scythe            |       |       |       |    35 ||    35
Throw: Dart              |     7 |    11 |    27 |    15 ||    60
       Boomerang         |       |     1 |       |    34 ||    35
Invok: Berserk           |     1 |     3 |     2 |     2 ||     8
       Brothers in Arms  |       |       |       |     2 ||     2
Evoke: Wand              |     6 |     2 |    25 |     3 ||    36
  Use: Scroll            |     4 |     5 |     5 |     4 ||    18
       Potion            |     3 |     6 |     4 |     2 ||    15
 Stab: Sleeping          |     1 |     3 |     7 |       ||    11
       Confused          |       |     1 |       |       ||     1
       Paralysed         |       |       |     1 |     1 ||     2
Armor: Animal skin       |    12 |    48 |       |       ||    60
       Leather armour    |       |     7 |    23 |       ||    30
       Steam dragon scal |       |       |    27 |    34 ||    61
Dodge: Dodged            |    35 |    73 |    62 |    62 ||   232
